 Dungeon Crawl Stone Soup version 0.29-a0-565-g7a16c6de65 (webtiles) character file.

Game seed: 4155289696663065948

449 KristoblXynda the Slasher (level 6, -4/44 HPs)
             Began as a Demonspawn Gladiator on June 12, 2022.
             Slain by a two-headed ogre
             ... wielding a +0 giant spiked club
              (30 damage)
             ... on level 4 of the Dungeon.
             The game lasted 00:03:39 (3867 turns).

KristoblXynda the Slasher (Demonspawn Gladiator)    Turns: 3867, Time: 00:03:39

Health: -4/44      AC:  6    Str: 17    XL:     6   Next: 74%
Magic:  6/6        EV: 13    Int:  9    God:
Gold:   181        SH:  4    Dex: 14    Spells: 5/5 levels left

rFire   . . .      SeeInvis .   a - +0 long sword
rCold   . . .      Faith    .   (no shield)
rNeg    . . .      Spirit   .   b - +0 leather armour
rPois   .          Reflect  .   c - +0 helmet
rElec   +          Harm     .   g - +0 cloak
rCorr   +          Rampage  .   k - +0 pair of gloves
Will    .....                   (no boots)
Stlth   +.........              (no amulet)
HPRegen 0.14/turn               f - ring of Geimyxoa {rElec rCorr}
MPRegen 0.20/turn               (no ring)

@: no status effects
A: hooves 1, magic regeneration, condensation shield
a: no special abilities


You were on level 4 of the Dungeon.
You visited 1 branch of the dungeon, and saw 4 of its levels.

You collected 181 gold pieces.

Inventory:

Hand Weapons
 a - a +0 long sword (weapon)
Missiles
 d - 2 throwing nets (quivered)
 e - 4 javelins
Armour
 b - a +0 leather armour (worn)
 c - a +0 helmet (worn)
 g - a +0 cloak (worn)
 k - a +0 pair of gloves (worn)
Jewellery
 f - the ring of Geimyxoa (left hand) {rElec rCorr}
   (You acquired it on level 4 of the Dungeon)

   [ring of resist corrosion]

   rElec:     It insulates you from electricity.
   rCorr:     It protects you from acid and corrosion.
 m - a +6 ring of intelligence
Potions
 h - a potion of cancellation {unknown}
 n - a potion of might
 o - 2 potions of invisibility
 p - a potion of berserk rage {unknown}
 q - a potion of attraction


   Skills:
 - Level 2.2 Fighting
 * Level 5.2 Long Blades
 - Level 2.0 Throwing
 + Level 2.8 Armour
 + Level 4.1 Dodging


You had 5 spell levels left.
You didn't know any spells.
Your spell library contained the following spells:

 Spells                   Type           Power      Damage    Failure   Level
 Frozen Ramparts          Ice            0%         1d2       82%         3
 Ice Form                 Ice/Tmut       0%         N/A       99%         4
 Summon Ice Beast         Ice/Summ       0%         N/A       99%         4


Dungeon Overview and Level Annotations

Branches:
Dungeon (4/15)
 Temple: D:4-7

Altars:
Ru
Sif Muna

Shops:
D:1 !


Innate Abilities, Weirdness & Mutations

You have large cloven feet.
You regenerate magic rapidly.
A meltable shield of frost defends you. (SH +4)


Message History

No target in view!
Found a sacrificial altar of Ru.
You hear the rusting of a very distant drain.
A kobold comes into view. It is wielding a +0 club.
A kobold is nearby!
The kobold shouts!
You hear a shout! x2
An orc comes into view. It is wielding a +0 dagger.
The orc shouts!
You hear a shout!
You miss the kobold. You kick the kobold.
You kill the kobold!
The orc throws a boomerang.
The boomerang closely misses you.
An orc, a hobgoblin, an orc priest and an orc wizard come into view.
The orc shouts!
The orc priest shouts!
An orc comes into view. It is wielding a +0 mace of protection.
The orc priest moves out of view.
The orc wizard moves out of view.
Things that are here:
a +0 club; 5 stones
Found a stone staircase leading down.
The orc wizard shouts!
You hear two shouts!
The orc priest invokes the aid of Beogh against you.
Beogh smites you!
A two-headed ogre comes into view.
It is wielding two +0 giant spiked clubs.
The orc hits you with a +0 dagger.
You barely miss the orc. The orc closely misses you.
You barely miss the hobgoblin.
You kick the hobgoblin, but do no damage.
The hobgoblin barely misses you. The orc barely misses you.
You barely miss the hobgoblin. You kick the hobgoblin.
The hobgoblin is moderately wounded.
The hobgoblin closely misses you.
You hit the hobgoblin but do no damage. Your kick misses the hobgoblin.
The hobgoblin is moderately wounded.
The hobgoblin hits you with a +0 short sword.
The hobgoblin hits you but does no damage.
You hit the hobgoblin. You kick the hobgoblin.
You kill the hobgoblin!
The two-headed ogre hits you with a +0 giant spiked club.
The two-headed ogre hits you with a +0 giant spiked club!!
Ouch! That really hurt!
You die...

###..# ...# ##.## ###.
#### ##### ... ..# ....
## #.####.# #.. ..
#......### #.# .#
#..#.....#####.#o.#
..#..#.#.#....).@Oo.#
#........#######o##.....
####.#.#.# .oo. ..#
#.#.#.# ##.>..o # #
#.....# ####.... #
###.### .... ######.##
... #.......# ..
..####..#


You could see a two-headed ogre, an orc priest, an orc wizard and 3 orcs.

Vanquished Creatures
  Sigmund (D:3)
  Eustachio (D:4)
  Natasha (thrice) (D:2)
  2 adders (D:3)
  A worm (D:4)
  An orc (D:3)
  A ball python (D:1)
  3 bats (D:1)
  3 endoplasms
  4 giant cockroaches
  5 goblins
  6 hobgoblins
  4 quokkas
  2 frilled lizards
  4 kobolds
  5 rats
46 creatures vanquished.

Notes
Turn   | Place    | Note
-------+----------+-------------------------------------------
     0 | D:1      | KristoblXynda the Demonspawn Gladiator began the quest for
                  | the Orb.
     0 | D:1      | Reached XP level 1. HP: 16/16 MP: 1/1
    49 | D:1      | Found a faded altar of an unknown god.
   116 | D:1      | Found Ejunien's Distillery.
   192 | D:1      | Gained mutation: A meltable shield of frost defends you.
                  | (SH +4) [demonic ancestry]
   192 | D:1      | Reached XP level 2. HP: 17/22 MP: 2/2
   313 | D:1      | Reached skill level 3 in Long Blades
   322 | D:1      | You fall into a shaft and drop 1 floor!
   793 | D:2      | Noticed Natasha
   803 | D:2      | Killed Natasha
   804 | D:2      | Reached XP level 3. HP: 25/27 MP: 3/3
  1362 | D:2      | Noticed Natasha
  1372 | D:2      | Killed Natasha
  1373 | D:2      | Reached skill level 1 in Armour
  1373 | D:2      | Reached XP level 4. HP: 15/33 MP: 4/4
  1426 | D:2      | Noticed Natasha
  1609 | D:2      | Killed Natasha
  2644 | D:3      | Reached skill level 4 in Long Blades
  3138 | D:3      | Noticed Sigmund
  3155 | D:3      | Killed Sigmund
  3156 | D:3      | Gained mutation: You have large cloven feet. [demonic
                  | ancestry]
  3156 | D:3      | Reached XP level 5. HP: 24/38 MP: 5/5
  3156 | D:3      | Gained mutation: You regenerate magic rapidly. [demonic
                  | ancestry]
  3156 | D:3      | Reached XP level 6. HP: 28/44 MP: 6/6
  3272 | D:3      | Found a shimmering blue altar of Sif Muna.
  3538 | D:4      | Noticed Eustachio
  3550 | D:4      | Identified a scroll of acquirement
  3550 | D:4      | Acquired the ring of Geimyxoa {rElec rCorr}
  3583 | D:4      | Killed Eustachio
  3584 | D:4      | Reached skill level 5 in Long Blades
  3815 | D:4      | Found a sacrificial altar of Ru.
  3861 | D:4      | Noticed a two-headed ogre
  3867 | D:4      | Slain by a two-headed ogre

Illustrated notes

Levels and vault maps discovered:
D:1:      grunt_arrival_crossed_arrows, layout_basic, serial_shops, shop,
          hellmonk_ecumenical_altar_crossroads
D:2:      layout_basic, uniq_natasha
D:3:      layout_rooms, mainiacjoe_overflow_surrounded_room, serial_curves,
          eino_curves_04, eino_curves_01, eino_curves_03, eino_curves_01,
          uniq_sigmund
D:4:      layout_loops_cross, amethyst_overflow_temple_binary,
          nicolae_ru_sacrificial_ziggurat, portal_sewer_entry_b, uniq_grinder,
          uniq_eustachio

Skill      XL: |  1  2  3  4  5  6 |
---------------+-------------------+-----
Throwing       | 2 |  2.0
Long Blades    | 3 4 5 |  5.2
Dodging        | 3 4 |  4.1
Armour         | 1 2 |  2.8
Fighting       | |  2.2

Action                   |  1- 3 |  4- 6 || total
-------------------------+-------+-------++-------
Melee: Long sword        |    67 |   108 ||   175
       Punch             |     2 |     1 ||     3
       Kick              |       |    11 ||    11
Throw: Throwing net      |       |     4 ||     4
  Use: Potion            |       |     3 ||     3
       Scroll            |       |     6 ||     6
 Stab: Sleeping          |     1 |       ||     1
Armor: Leather armour    |    23 |    37 ||    60
Dodge: Dodged            |    29 |    83 ||   112
Block: Other             |     9 |    19 ||    28

Table legend: (Time is in decaauts)
 A = Elapsed time spent in this place.
 B = Non-inter-level travel time spent in this place.
 C = Inter-level travel time spent in this place.
 D = Time resting spent in this place.
 E = Time spent auto-exploring this place.
 F = Levels seen in this place.
 G = Mean time per level.
                   A        B        C        D        E       F      G
               +--------+--------+--------+--------+--------+-----+--------+
         Total |   3882 |   3715 |    167 |    580 |   2668 |   4 |  970.5 |
       Dungeon |   3882 |   3715 |    167 |    580 |   2668 |   4 |  970.5 |
               +--------+--------+--------+--------+--------+-----+--------+

Top non-repeatable levels by time:
     D:2: 1593 daAuts
     D:3: 998 daAuts
     D:1: 942 daAuts
     D:4: 347 daAuts
